 Dungeon Crawl Stone Soup version 0.29.1-2-gbd0b4ee654 (webtiles) character file.

Game seed: 16473750313675895542

805 DemonSlayer the Firebug (level 7, -1/48 HPs)
             Began as a Demonspawn Fire Elementalist on Nov 28, 2022.
             Slain by a steam dragon (3 damage)
             ... on level 5 of the Dungeon.
             The game lasted 00:09:49 (6660 turns).

DemonSlayer the Firebug (DsFE)                      Turns: 6660, Time: 00:09:49

Health: -1/48      AC:  4    Str: 11    XL:     7   Next: 60%
Magic:  16/23      EV: 12    Int: 16    God:
Gold:   310        SH:  0    Dex:  9    Spells: 4/15 levels left

rFire   . . .      SeeInvis .   j - +8 spear "Busuil" {vorpal, rC+ MP+9 Dex-4}
rCold   + . .      Faith    .   (no shield)
rNeg    . . .      Spirit   .   a - +0 robe
rPois   .          Reflect  .   (no helmet)
rElec   .          Harm     .   (no cloak)
rCorr   .          Rampage  .   (no gloves)
Will    .....                   (no boots)
Stlth   ++........              (no amulet)
HPRegen 0.16/turn               (no ring)
MPRegen 0.18/turn               (no ring)

@: about to teleport, very slightly contaminated
A: icy blue scales 1, foul stench 2, spiny 1
a: no special abilities


You were on level 5 of the Dungeon.
You visited 1 branch of the dungeon, and saw 6 of its levels.

You collected 310 gold pieces.

Inventory:

Hand Weapons
 b - a +0 short sword
 j - the +8 spear "Busuil" (weapon) {vorpal, rC+ MP+9 Dex-4}
   (You took it off a kobold on level 2 of the Dungeon)

   It inflicts extra damage upon your enemies.
   Dex:       It affects your dexterity (-4).
   rC:        It protects you from cold.
   MP:        It affects your magic capacity (+9).
Missiles
 g - 4 curare-tipped darts
 v - a throwing net
Armour
 a - a +0 robe (worn)
Wands
 p - a wand of roots (7)
 t - a wand of flame (14)
Scrolls
 c - 3 scrolls of amnesia {unknown}
 d - 2 scrolls of teleportation
 e - 2 scrolls of vulnerability {unknown}
 f - 7 scrolls of identify {unknown}
 i - a scroll of enchant weapon {unknown}
 l - a scroll of noise {unknown}
 m - 3 scrolls of blinking {unknown}
 q - a scroll of silence {unknown}
Potions
 h - 2 potions of curing
 k - 2 potions of brilliance {unknown}
 n - a potion of attraction {unknown}
 o - 2 potions of invisibility {unknown}
 r - a potion of mutation {unknown}
 s - a potion of degeneration {unknown}
 u - a potion of resistance {unknown}


   Skills:
 + Level 1.2 Fighting
 + Level 1.1 Short Blades
 + Level 2.0 Polearms
 + Level 2.2 Dodging
 + Level 3.1 Stealth
 + Level 4.6 Spellcasting
 + Level 2.0 Conjurations
 + Level 5.3 Fire Magic


You had 4 spell levels left.
You knew the following spells:

 Your Spells              Type           Power      Damage    Failure   Level
a - Foxfire               Conj/Fire      60%        2x1d7     3%          1
b - Scorch                Fire           40%        2d7       2%          2
c - Mephitic Cloud        Conj/Pois/Air  5%         N/A       34%         3
d - Ensorcelled Hibernat  Hex/Ice        6%         N/A       24%         2
e - Summon Guardian Gole  Hex/Summ       3%         N/A       43%         3

Your spell library contained the following spells:

 Spells                   Type           Power      Damage    Failure   Level
 Magic Dart               Conj           40%        1d5       7%          1
 Conjure Flame            Conj/Fire      15%        6-21      11%         3
 Sting                    Tmut/Pois      12%        1d3       16%         1
 Summon Small Mammal      Summ           12%        N/A       16%         1
 Static Discharge         Conj/Air       6%         3-4/arc   16%         2
 Inner Flame              Hex/Fire       12%        N/A       16%         3
 Call Imp                 Summ           3%         N/A       24%         2
 Passwall                 Tmut/Erth      2%         N/A       24%         2
 Poisonous Vapours        Pois/Air       6%         N/A       24%         2
 Flame Wave               Conj/Fire      15%        2d7       34%         4
 Call Canine Familiar     Summ           3%         N/A       43%         3
 Swiftness                Air            3%         N/A       43%         3
 Olgreb's Toxic Radiance  Pois           3%         N/A       85%         4
 Lightning Bolt           Conj/Air       3%         1d14      96%         5
 Malign Gateway           Summ/Tloc      1%         N/A       100%        7
 Maxwell's Capacitive Co  Air            1%         ∞         100%        8
 Summon Horrible Things   Summ           1%         N/A       100%        8


Dungeon Overview and Level Annotations

Branches:
Dungeon (6/15)
 Temple: D:4-7

Altars:
Ashenzari
Hepliaklqana
Nemelex Xobeh
Uskayaw
Vehumet

Portals:
Abyss: D:4

Annotations:
D:4 2 transporters, silentkaos13's ghost, amateur DsFi


Innate Abilities, Weirdness & Mutations

You are partially covered in icy blue scales. (AC +2)
You sometimes emit foul miasma when damaged in melee.
You are partially covered in sharp spines.


Message History

You start resting.
A steam dragon is nearby!
Flames lash the steam dragon.
The steam dragon is lightly wounded.
The steam dragon's fire resistance burns away.
You hear a shout!
The steam dragon breathes steam at you. The ball of steam hits you!
Flames lash the steam dragon.
The steam dragon is burned terribly!
The steam dragon is moderately wounded.
You are engulfed in a cloud of scalding steam.
You hear a shout! x2
You are too injured to fight recklessly!
Casting: Scorch (safe; 2% risk of failure)
Confirm with . or Enter, or press ? or * to list all spells.
You miscast Scorch.
You are very lightly contaminated with residual magic.
Nothing appears to happen.
The steam dragon breathes steam at you. The ball of steam hits you!
Casting: Scorch (safe; 2% risk of failure)
Confirm with . or Enter, or press ? or * to list all spells.
Flames lash the steam dragon.
The steam dragon is burned terribly!
The steam dragon is severely wounded.
You are engulfed in a cloud of scalding steam.
* * * LOW HITPOINT WARNING * * *
The steam dragon bites you.
* * * LOW HITPOINT WARNING * * *
The steam dragon closely misses you.
Unknown command.
Okay, then.
As you read the scroll of teleportation, it crumbles to dust.
You feel strangely unstable. The steam dragon breathes steam at you.
The ball of steam misses you.
It was a potion of curing.
You feel better.
You are engulfed in a cloud of scalding steam.
* * * LOW HITPOINT WARNING * * *
The steam dragon closely misses you. The steam dragon claws you.
You die...

#.# ##.# #..#
#.## #.# #.#
#.#
#############.#
#§D@§§§...†...#
#.#############
##.## #...#
#.#.# ... ...
.D.## ##.# ###.
.# # #


You could see a steam dragon (catching breath, combustible).

Vanquished Creatures
  Sigmund (D:5)
  A bullfrog (D:4)
  A scorpion (D:5)
  A necrophage (D:5)
  An orc priest (D:3)
  A hound (D:4)
  A jelly (D:5)
  An iguana (D:5)
  Natasha (thrice) (D:3)
  2 orc wizards
  Robin (D:2)
  4 gnolls (D:4)
  4 adders
  A shadow imp (D:5)
  A white imp (D:5)
  An ufetubus (D:5)
  A worm (D:2)
  A dart slug (D:1)
  16 orcs
  6 endoplasms
  2 giant cockroaches
  16 goblins
  10 hobgoblins
  4 jackals (D:1)
  7 kobolds
  5 quokkas
  9 ball pythons
  2 bats
  4 frilled lizards
  2 rats
110 creatures vanquished.

Vanquished Creatures (others)
  162 foxfires
162 creatures vanquished.

Grand Total: 272 creatures vanquished

Notes
Turn   | Place    | Note
-------+----------+-------------------------------------------
     0 | D:1      | DemonSlayer the Demonspawn Fire Elementalist began the
                  | quest for the Orb.
     0 | D:1      | Reached XP level 1. HP: 13/13 MP: 3/3
   176 | D:1      | Reached skill level 3 in Fire Magic
   185 | D:1      | Gained mutation: You may rarely emit foul miasma when
                  | damaged in melee. [demonic ancestry]
   185 | D:1      | Reached XP level 2. HP: 13/19 MP: 0/5
   188 | D:1      | Learned a level 2 spell: Scorch
  1361 | D:1      | Gained mutation: You sometimes emit foul miasma when
                  | damaged in melee. [demonic ancestry]
  1361 | D:1      | Reached XP level 3. HP: 20/24 MP: 1/6
  1756 | D:1      | Found a faded altar of an unknown god.
  1781 | D:1      | Learned a level 3 spell: Mephitic Cloud
  2630 | D:2      | Noticed Robin
  2634 | D:2      | Reached XP level 4. HP: 30/30 MP: 4/7
  2636 | D:2      | Killed Robin
  2687 | D:2      | Identified the +8 spear "Busuil" {vorpal, rC+ MP+9 Dex-4}
  3010 | D:2      | Learned a level 2 spell: Ensorcelled Hibernation
  3310 | D:3      | Found a broken altar of Ashenzari.
  3352 | D:3      | Reached skill level 1 in Short Blades
  3357 | D:3      | Reached XP level 5. HP: 33/36 MP: 9/9
  3506 | D:3      | You fall into a shaft and drop 2 floors!
  3506 | D:5      | Entered Level 5 of the Dungeon
  3591 | D:4      | Reached skill level 1 in Polearms
  4201 | D:4      | Reached skill level 4 in Fire Magic
  4201 | D:4      | Gained mutation: You are partially covered in sharp spines.
                  | [demonic ancestry]
  4201 | D:4      | Reached XP level 6. HP: 34/42 MP: 10/10
  4529 | D:4      | Found a one-way gate to the infinite horrors of the Abyss.
  4529 | D:4      | Noticed silentkaos13's ghost (amateur DsFi)
  4531 | D:4      | Found a transporter.
  4549 | D:4      | Found a transporter.
  4808 | D:4      | Found a sparkling altar of Nemelex Xobeh.
  4809 | D:4      | Found a hide-covered altar of Uskayaw.
  4810 | D:4      | Found a hazy altar of Hepliaklqana.
  5081 | D:4      | Learned a level 3 spell: Summon Guardian Golem
  5144 | D:3      | Noticed Natasha
  5150 | D:3      | Killed Natasha
  5151 | D:3      | Reached skill level 1 in Fighting
  5189 | D:3      | Noticed Natasha
  5196 | D:3      | Killed Natasha
  5383 | D:3      | Noticed Natasha
  5386 | D:3      | Killed Natasha
  5958 | D:5      | Gained mutation: You are partially covered in icy blue
                  | scales. (AC +2) [demonic ancestry]
  5958 | D:5      | Reached XP level 7. HP: 48/48 MP: 13/13
  6049 | D:5      | Noticed Sigmund
  6370 | D:5      | Killed Sigmund
  6371 | D:5      | Reached skill level 5 in Fire Magic
  6451 | D:5      | Found a radiant altar of Vehumet.
  6603 | D:5      | Noticed a steam dragon
  6660 | D:5      | HP: 2/48 [steam dragon] (11)]
  6660 | D:5      | Slain by a steam dragon

Illustrated notes

Levels and vault maps discovered:
D:1:      ncdulo_halloftheorcs, layout_basic,
          ebering_ecumenical_altar_abandoned, minmay_hexomino_f4
D:2:      layout_basic, uniq_robin
D:3:      layout_basic, cheibrodos_ashenzari_chains, moated_statue, uniq_natasha
D:4:      layout_basic, chequers_temple_overflow_statue_of_worship,
          gammafunk_ghost_abyssal_escape
D:5:      layout_loops_ring, vehumet_altar_wand_db, trog_wizard,
          nicolae_elevator_lobby_plus, uniq_sigmund
D:6:      layout_loops_cross, minmay_temple_entry_junction,
          minmay_tree_intersection

Skill      XL: |  1  2  3  4  5  6  7 |
---------------+----------------------+-----
Fire Magic     | 3 4 5 |  5.3
Stealth        | 2 3 |  3.1
Conjurations   | 2 |  2.0
Short Blades   | 1 |  1.1
Polearms       | 1 2 |  2.0
Spellcasting   | 3 4 |  4.6
Dodging        | 2 |  2.2
Fighting       | 1 |  1.2

Action                   |  1- 3 |  4- 6 |  7- 9 || total
-------------------------+-------+-------+-------++-------
Melee: Short sword       |    49 |       |       ||    49
       Unarmed           |     2 |       |       ||     2
       Punch             |     1 |       |       ||     1
       Spear             |       |    60 |     6 ||    66
 Cast: Foxfire           |    99 |       |       ||    99
       Scorch            |     2 |    41 |    17 ||    60
  Use: Potion            |     1 |       |     1 ||     2
       Scroll            |       |       |     1 ||     1
 Stab: Sleeping          |     2 |     5 |       ||     7
Armor: Robe              |    10 |     2 |     1 ||    13
Dodge: Dodged            |    39 |    23 |    13 ||    75
